AoeStats
← Deffgrippa

MegaRandom

506976774Analyzed
1v1 RM · 16d ago on Sep 16, 2026· 43m 16s· 2 players
Game mode
Random Map
Map size
Tiny (2 player)
Population
200
Speed
Normal
Resources
Standard
Victory
Conquest
Starting age
Dark Age
Ending age
Imperial Age
RankedLock teamsTeams togetherTeam positionsShared explorationLock speedFull tech treeHidden civsTurbo modeCheats
Victory
Defeat
🇨🇴 Japanese · Colombia
888
+17
🇦🇺 Byzantines · Australia
915
-17
GhostJQ7561
8:09 Loom
8:12 Loom
10:28 Feudal Age
13:33 Double-Bit Axe
16:06 Castle Age
15:18 Double-Bit Axe
16:18 Horse Collar
17:02 Elite Skirmisher
17:09 Elite Skirmisher
26:44 Wheelbarrow
26:30 Pikeman
28:31 Scale Mail Armor
29:41 Yasama
30:06 Hand Cart
29:39 Town Watch
34:59 Imperial Age
33:30 Town Patrol
33:59 Ballistics
34:57 Fletching
35:08 Padded Archer Armor
35:19 Guard Tower
38:55 Chemistry
38:55 Kataparuto
39:12 Conscription
39:15 Murder Holes
41:17 Keep
40:45 Arson
41:58 Halberdier
Deffgrippa
1:58 Loom
6:42 Loom
12:37 Feudal Age
13:18 Horse Collar
13:26 Double-Bit Axe
22:03 Castle Age
22:12 Fletching
22:26 Stone Mining
22:27 Gold Mining
23:33 Crossbowman
25:56 Light Cavalry
30:18 Padded Archer Armor
34:43 Bow Saw
35:02 Light Cavalry
37:52 Pikeman
38:33 Squires
39:28 Forging
39:24 Scale Barding Armor
42:00 Imperial Age
Connection lost

Rejoining the realm…

Still unreachable

The connection could not be restored.

Session expired

The server has moved on; the page needs a fresh start.